[ AOE2 MATCH · #506616516 ]
UnrankedByzantines vs Tatars
Player's team · WIN
Rival team · LOSS
[ REPLAY ANALYSIS · EXTRACTED FROM THE RECORDED GAME ]
Feudal
11:28
Castle
22:09
Imperial
—
| APM avg | 66.1 |
| APM peak | 105 |
| eAPM avg | 27.8 |
| Villagers / military | 57 / 43 |
Focus
⚔️ 56.5% · 🌾 43.5%
Archer ×23 · Camel Scout ×17 · Militia ×3
Feudal
8:31
Castle
24:17
Imperial
—
| APM avg | 57.9 |
| APM peak | 87 |
| eAPM avg | 21.6 |
| Villagers / military | 38 / 22 |
Focus
⚔️ 24.9% · 🌾 75.1%
Archer ×12 · Skirmisher ×5 · Scout Cavalry ×5
Match map
Initial resources + every placement click. Lines = walls · curves = elevation contours. ◆ gold · ⬟ stone · ● berries · ✦ relic · ◌ wall gap
Your base· Open — 5t gap
游戏而已's base· Open — unwalled flank
Smoothed initial terrain · ◌ = detected wall gap · hover for details
Inputs per minute
— Chagas - - 游戏而已
Build order — Chagas
First 150 of 175 actions detected
| 0:01 | Queue | Villager (Male) |
| 0:02 | Build | House |
| 0:02 | Queue | Villager (Male) |
| 0:04 | Build | House |
| 0:04 | Queue | Villager (Male) |
| 0:04 | Queue | Villager (Male) |
| 1:27 | Queue | Villager (Male) |
| 1:27 | Queue | Villager (Male) |
| 1:53 | Queue | Villager (Male) |
| 2:13 | Queue | Villager (Male) |
| 2:13 | Queue | Villager (Male) |
| 2:15 | Build | Lumber Camp |
| 2:51 | Queue | Villager (Male) |
| 3:04 | Queue | Villager (Male) |
| 3:04 | Queue | Villager (Male) |
| 3:35 | Queue | Villager (Male) |
| 3:48 | Build | House |
| 3:49 | Build | House |
| 4:14 | Queue | Villager (Male) |
| 4:15 | Queue | Villager (Male) |
| 4:44 | Queue | Villager (Male) |
| 4:44 | Queue | Villager (Male) |
| 5:03 | Build | Barracks |
| 5:08 | Queue | Villager (Male) |
| 5:41 | Queue | Villager (Male) |
| 5:49 | Build | House |
| 5:58 | Queue | Militia |
| 6:17 | Queue | Militia |
| 6:20 | Queue | Villager (Male) |
| 6:24 | Queue | Militia |
| 6:31 | Build | Palisade Wall |
| 6:39 | Build | Mill |
| 6:40 | Queue | Villager (Male) |
| 7:20 | Queue | Villager (Male) |
| 7:28 | Queue | Villager (Male) |
| 7:28 | Queue | Villager (Male) |
| 7:38 | Queue | Villager (Male) |
| 7:41 | Queue | Villager (Male) |
| 8:37 | Research | Loom |
| 8:38 | Research | Loom |
| 9:01 | Build | Farm |
| 9:18 | Research | Feudal Age |
| 9:18 | Research | Feudal Age |
| 9:29 | Build | Palisade Wall |
| 10:09 | Build | Mining Camp |
| 10:25 | Build | Palisade Wall |
| 10:26 | Build | Palisade Wall |
| 10:48 | Build | Palisade Wall |
| 10:56 | Build | Palisade Wall |
| 11:05 | Queue | Villager (Male) |
| 11:20 | Build | Palisade Gate |
| 11:28 | Age | Feudal Age |
| 11:29 | Build | House |
| 11:31 | Build | Archery Range |
| 11:34 | Research | Man-at-Arms (upgrade) |
| 11:35 | Research | Man-at-Arms (upgrade) |
| 11:35 | Queue | Villager (Male) |
| 11:41 | Build | Palisade Wall |
| 11:52 | Queue | Villager (Male) |
| 12:00 | Build | House |
| 12:07 | Queue | Villager (Male) |
| 12:09 | Queue | Villager (Male) |
| 12:11 | Build | Farm |
| 12:18 | Research | Double-Bit Axe |
| 12:19 | Research | Double-Bit Axe |
| 12:32 | Queue | Archer |
| 12:33 | Queue | Villager (Male) |
| 12:36 | Build | Farm |
| 12:38 | Build | Farm |
| 12:41 | Build | Farm |
| 12:44 | Queue | Villager (Male) |
| 12:53 | Queue | Villager (Male) |
| 12:53 | Queue | Villager (Male) |
| 12:53 | Queue | Villager (Male) |
| 12:55 | Build | Farm |
| 13:02 | Build | Palisade Wall |
| 13:04 | Queue | Villager (Male) |
| 13:09 | Build | Farm |
| 13:15 | Queue | Archer |
| 13:16 | Queue | Archer |
| 13:19 | Build | Palisade Wall |
| 13:33 | Build | Farm |
| 13:51 | Queue | Archer |
| 13:51 | Queue | Archer |
| 13:56 | Queue | Villager (Male) |
| 13:56 | Queue | Villager (Male) |
| 13:57 | Queue | Villager (Male) |
| 14:01 | Build | Palisade Wall |
| 14:04 | Queue | Villager (Male) |
| 14:10 | Build | Farm |
| 14:13 | Queue | Villager (Male) |
| 14:28 | Build | Farm |
| 14:30 | Build | Farm |
| 14:42 | Build | Farm |
| 14:48 | Queue | Villager (Male) |
| 14:59 | Queue | Villager (Male) |
| 15:11 | Queue | Archer |
| 15:13 | Queue | Archer |
| 15:21 | Queue | Villager (Male) |
| 15:29 | Build | Blacksmith |
| 15:33 | Queue | Archer |
| 15:44 | Queue | Archer |
| 15:49 | Queue | Villager (Male) |
| 15:59 | Queue | Villager (Male) |
| 16:04 | Build | Farm |
| 16:12 | Research | Fletching |
| 16:12 | Research | Fletching |
| 16:25 | Queue | Villager (Male) |
| 16:28 | Build | House |
| 16:40 | Queue | Villager (Male) |
| 16:43 | Queue | Villager (Male) |
| 16:59 | Queue | Villager (Male) |
| 17:09 | Build | Archery Range |
| 17:11 | Queue | Villager (Male) |
| 17:18 | Queue | Archer |
| 17:18 | Queue | Archer |
| 17:28 | Queue | Archer |
| 17:31 | Queue | Archer |
| 17:52 | Queue | Archer |
| 17:52 | Queue | Archer |
| 18:15 | Build | House |
| 18:28 | Queue | Archer |
| 18:30 | Queue | Archer |
| 18:51 | Build | House |
| 19:01 | Research | Castle Age |
| 19:02 | Research | Castle Age |
| 19:35 | Research | Padded Archer Armor |
| 19:36 | Research | Padded Archer Armor |
| 19:39 | Queue | Archer |
| 19:40 | Queue | Archer |
| 19:56 | Queue | Archer |
| 19:57 | Queue | Archer |
| 20:25 | Queue | Archer |
| 20:25 | Queue | Archer |
| 20:27 | Build | Stable |
| 20:56 | Research | Scale Barding Armor |
| 20:57 | Research | Scale Barding Armor |
| 21:13 | Build | Lumber Camp |
| 21:58 | Build | Farm |
| 22:09 | Age | Castle Age |
| 22:12 | Research | Bodkin Arrow |
| 22:14 | Research | Crossbowman (upgrade) |
| 22:14 | Queue | Camel Scout |
| 22:15 | Queue | Camel Scout |
| 22:17 | Queue | Villager (Male) |
| 22:18 | Queue | Villager (Male) |
| 22:19 | Build | House |
| 22:21 | Build | House |
| 22:24 | Queue | Villager (Male) |
| 22:28 | Queue | Camel Scout |
Build order — 游戏而已
119 actions detected in the replay
| 0:00 | Queue | Villager (Male) |
| 0:01 | Queue | Villager (Male) |
| 0:01 | Queue | Villager (Male) |
| 0:01 | Queue | Villager (Male) |
| 0:02 | Queue | Villager (Male) |
| 0:03 | Build | House |
| 0:06 | Build | House |
| 1:34 | Queue | Villager (Male) |
| 1:49 | Build | Mill |
| 1:53 | Queue | Villager (Male) |
| 2:23 | Queue | Villager (Male) |
| 2:54 | Queue | Villager (Male) |
| 2:55 | Queue | Villager (Male) |
| 3:24 | Queue | Villager (Male) |
| 3:49 | Build | House |
| 3:50 | Queue | Villager (Male) |
| 4:13 | Queue | Villager (Male) |
| 4:16 | Queue | Villager (Male) |
| 4:16 | Queue | Villager (Male) |
| 4:16 | Queue | Villager (Male) |
| 4:45 | Queue | Villager (Male) |
| 5:04 | Build | Lumber Camp |
| 5:51 | Queue | Villager (Male) |
| 5:54 | Research | Loom |
| 6:20 | Research | Feudal Age |
| 6:20 | Research | Feudal Age |
| 7:45 | Build | Barracks |
| 7:51 | Build | House |
| 8:20 | Build | Barracks |
| 8:26 | Build | Palisade Wall |
| 8:27 | Build | Palisade Wall |
| 8:31 | Age | Feudal Age |
| 8:36 | Queue | Villager (Male) |
| 8:39 | Build | Palisade Wall |
| 8:41 | Build | Palisade Wall |
| 8:43 | Build | Palisade Wall |
| 8:46 | Build | Palisade Wall |
| 8:57 | Queue | Villager (Male) |
| 9:02 | Build | Stable |
| 9:07 | Research | Double-Bit Axe |
| 9:24 | Build | Farm |
| 9:39 | Queue | Scout Cavalry |
| 9:50 | Build | Farm |
| 9:57 | Build | House |
| 10:02 | Build | Palisade Wall |
| 10:17 | Queue | Villager (Male) |
| 10:29 | Research | Horse Collar |
| 10:33 | Build | House |
| 10:34 | Build | Palisade Wall |
| 10:35 | Build | Palisade Wall |
| 10:35 | Build | Palisade Wall |
| 10:47 | Queue | Scout Cavalry |
| 11:16 | Queue | Villager (Male) |
| 11:40 | Build | Mining Camp |
| 11:41 | Queue | Villager (Male) |
| 12:05 | Queue | Villager (Male) |
| 12:18 | Build | Archery Range |
| 12:37 | Queue | Scout Cavalry |
| 12:55 | Queue | Villager (Male) |
| 13:16 | Build | Blacksmith |
| 13:17 | Queue | Archer |
| 13:23 | Build | House |
| 13:27 | Queue | Scout Cavalry |
| 13:42 | Queue | Archer |
| 14:05 | Build | House |
| 14:05 | Queue | Archer |
| 14:09 | Queue | Villager (Male) |
| 14:29 | Build | Mill |
| 14:30 | Queue | Villager (Male) |
| 14:36 | Queue | Scout Cavalry |
| 14:39 | Build | House |
| 15:08 | Build | Farm |
| 15:22 | Queue | Archer |
| 15:25 | Build | Farm |
| 15:31 | Queue | Villager (Male) |
| 15:33 | Build | Palisade Wall |
| 15:46 | Build | Farm |
| 15:55 | Queue | Archer |
| 16:01 | Research | Fletching |
| 16:10 | Queue | Archer |
| 16:31 | Queue | Villager (Male) |
| 16:33 | Build | Farm |
| 16:45 | Queue | Archer |
| 17:01 | Research | Padded Archer Armor |
| 17:01 | Queue | Archer |
| 17:29 | Queue | Skirmisher |
| 17:35 | Queue | Skirmisher |
| 17:47 | Queue | Skirmisher |
| 17:53 | Queue | Villager (Male) |
| 18:17 | Queue | Villager (Male) |
| 18:18 | Build | Farm |
| 18:31 | Queue | Skirmisher |
| 18:31 | Queue | Archer |
| 18:44 | Queue | Villager (Male) |
| 18:45 | Build | Farm |
| 18:46 | Build | Farm |
| 19:00 | Queue | Villager (Male) |
| 19:02 | Build | Farm |
| 19:13 | Queue | Archer |
| 19:26 | Queue | Archer |
| 19:27 | Queue | Skirmisher |
| 19:29 | Queue | Villager (Male) |
| 19:54 | Build | Farm |
| 19:54 | Queue | Villager (Male) |
| 20:03 | Build | Market |
| 20:29 | Build | House |
| 20:48 | Queue | Villager (Male) |
| 21:05 | Build | Farm |
| 21:25 | Queue | Archer |
| 21:37 | Research | Castle Age |
| 21:37 | Research | Castle Age |
| 22:00 | Build | Archery Range |
| 22:44 | Build | Archery Range |
| 23:12 | Research | Town Watch |
| 23:15 | Queue | Villager (Male) |
| 24:17 | Age | Castle Age |
| 24:20 | Research | Elite Skirmisher (upgrade) |
| 24:51 | Queue | Villager (Male) |
| 25:05 | Research | Bodkin Arrow |
Match timeline
| 5:03 | Chagas · first_building Barracks |
| 6:31 | Chagas · wall_segment Palisade Wall x3 |
| 7:45 | 游戏而已 · first_building Barracks |
| 8:26 | 游戏而已 · wall_segment Palisade Wall x1 |
| 8:27 | 游戏而已 · wall_segment Palisade Wall x1 |
| 8:31 | 游戏而已 · age_up feudal |
| 8:39 | 游戏而已 · wall_segment Palisade Wall x1 |
| 8:41 | 游戏而已 · wall_segment Palisade Wall x1 |
| 8:43 | 游戏而已 · wall_segment Palisade Wall x1 |
| 8:46 | 游戏而已 · wall_segment Palisade Wall x1 |
| 9:02 | 游戏而已 · first_building Stable |
| 9:29 | Chagas · wall_segment Palisade Wall x10 |
| 10:02 | 游戏而已 · wall_segment Palisade Wall x1 |
| 10:25 | Chagas · wall_segment Palisade Wall x1 |
| 10:26 | Chagas · wall_segment Palisade Wall x1 |
| 10:34 | 游戏而已 · wall_segment Palisade Wall x1 |
| 10:35 | 游戏而已 · wall_segment Palisade Wall x1 |
| 10:35 | 游戏而已 · wall_segment Palisade Wall x1 |
| 10:48 | Chagas · wall_segment Palisade Wall x4 |
| 10:56 | Chagas · wall_segment Palisade Wall x7 |
| 11:28 | Chagas · age_up feudal |
| 11:31 | Chagas · first_building Archery Range |
| 11:41 | Chagas · wall_segment Palisade Wall x7 |
| 12:18 | 游戏而已 · first_building Archery Range |
| 13:02 | Chagas · wall_segment Palisade Wall x4 |
| 13:19 | Chagas · wall_segment Palisade Wall x7 |
| 14:01 | Chagas · wall_segment Palisade Wall x5 |
| 15:33 | 游戏而已 · wall_segment Palisade Wall x1 |
| 20:27 | Chagas · first_building Stable |
| 21:10 | 游戏而已 · first_market_sell 500 stone |
| 21:11 | 游戏而已 · first_market_buy 100 food |
| 22:09 | Chagas · age_up castle |
| 24:17 | 游戏而已 · age_up castle |
| 25:18 | 游戏而已 · resign |
[ AI ANALYSIS · 1 CREDIT ]
What really happened in this match?
Wolo.gg analyzes every decision: build order, eco, micro, common mistakes by bracket. Personalized analysis on WhatsApp or Discord in 30 seconds.
Civ guide
Byzantines
Perfil
Jugador #25079803